 Dungeon Crawl Stone Soup version 0.31-a0-236-g9a0961fb85 (webtiles) character file.

Game seed: 12567002619013359176

124 qw the Shooter (level 4, -5/37 HPs)
             Began as a Minotaur Hexslinger on July 10, 2023.
             Killed from afar by an orc wizard (7 damage)
             ... with a magic dart
             ... on level 3 of the Dungeon.
             The game lasted 00:00:58 (2195 turns).

qw the Shooter (Minotaur Hexslinger)                Turns: 2195, Time: 00:00:58

Health: -5/37      AC:  6    Str: 13    XL:     4   Next: 81%
Magic:  4/4        EV: 11    Int: 10    God:
Gold:   78         SH:  0    Dex: 14    Spells: 4/5 levels left

rFire   . . .        Y - +2 sling
rCold   . . .        (no shield)
rNeg    . . .        d - +0 ring mail
rPois   .            (helmet restricted)
rElec   .            (no cloak)
rCorr   .            (no gloves)
SInv    .            i - +0 pair of boots
Will    .....        (no amulet)
Stlth   +            (no ring)
HPRegen 0.26/turn    (no ring)
MPRegen 0.09/turn

%: no passive effects
@: no status effects
A: horns 2, retaliatory headbutt
a: no special abilities


You were on level 3 of the Dungeon.
You visited 1 branch of the dungeon, and saw 3 of its levels.

You collected 78 gold pieces.


Innate Abilities, Weirdness & Mutations

You have a pair of horns on your head.
You reflexively headbutt those who attack you in melee.


   Skills:
 + Level 2.5 Fighting
 - Level 5.0 Ranged Weapons
 - Level 1.0 Armour
 - Level 2.1 Dodging
 - Level 1.0 Spellcasting
 - Level 2.0 Hexes


You had 4 spell levels left.
You knew the following spells:

 Your Spells              Type           Power      Damage    Failure   Level
a - Slow                  Hex            16%        N/A       32%         1

Your spell library contained the following spells:

 Spells                   Type           Power      Damage    Failure   Level
 Inner Flame              Hex/Fire       2%         N/A       82%         3
 Portal Projectile        Hex/Tloc       4%         N/A       82%         3
 Cause Fear               Hex            2%         N/A       97%         4

Inventory:

Hand Weapons
 Y - a +2 sling (weapon)
Armour
 d - a +0 ring mail (worn)
 i - a +0 pair of boots (worn)
Scrolls
 a - a scroll of vulnerability {unknown}
Potions
 c - a potion of ambrosia {unknown}
 e - a potion of might {unknown}
 f - a potion of invisibility {unknown}
 g - a potion of cancellation {unknown}
 h - 2 potions of curing {unknown}
 j - a potion of haste

Dungeon Overview and Level Annotations

Branches:
Dungeon (3/15)

Altars:
Nemelex Xobeh
Xom


Message History

The orc hits you with a +0 dagger. The orc wizard barely misses you.
The orc hits you but does no damage.
You feel less confused. The orc wizard casts a spell at you.
The puff of flame misses you. The orc barely misses you.
You furiously retaliate!
You headbutt the orc. You shoot a sling bullet.
The sling bullet closely misses the orc.
The orc wizard hits you with a +0 dagger.
The orc misses you.
You shoot a sling bullet. The sling bullet hits the orc.
You kill the orc!
The orc wizard gestures at you while chanting.
The puff of flame hits you.
You shoot a sling bullet.
The sling bullet barely misses the orc wizard.
The orc wizard hits you but does no damage.
You shoot a sling bullet. The sling bullet hits the orc wizard.
The orc wizard is moderately wounded.
The orc wizard gestures wildly while chanting.
The orc wizard flickers and vanishes!
Deactivating autopickup; reactivate with Ctrl-A.
Something barely misses you.
You shoot a sling bullet.
You hear some strange, mumbled words.
Something tries to affect you, but you resist.
You shoot a sling bullet. Something hits you.
You shoot a sling bullet.
Something hits you but does no damage. x2
You shoot a sling bullet. Something hits you but does no damage.
You shoot a sling bullet. Something hits you but does no damage.
You shoot a sling bullet. Something hits you.
You hear some strange, mumbled words.
A magic dart appears from out of thin air!
The magic dart hits you!
You die...

#.<### #....#
###..#.# #....#.#
#.#.## # ...#.#
########### #.#
......){# #.#
#@#####.#
#.......#
#.......##########
#.................
#........#.##...#.
#........#........
#.......#####...#.
#.#>....# #......
#.#)##############


There were no monsters in sight!

Vanquished Creatures
  5 adders
  2 worms
  A dart slug (D:2)
  3 orcs (D:3)
  4 endoplasms
  2 giant cockroaches
  4 goblins
  9 hobgoblins
  4 jackals
  2 quokkas
  9 ball pythons
  5 bats
  3 frilled lizards (D:1)
  7 kobolds
  6 rats
66 creatures vanquished.

Notes
Turn   | Place    | Note
-------+----------+-------------------------------------------
     0 | D:1      | qw the Minotaur Hexslinger began the quest for the Orb.
     0 | D:1      | Reached XP level 1. HP: 16/16 MP: 1/1
     0 | D:1      | 0 ||| qw: Version: 0.3-a-52-g30416fa
     0 | D:1      | 0 ||| qw: Game counter: 4627
     0 | D:1      | 0 ||| qw: Melee chars always use a shield: true
     0 | D:1      | 0 ||| qw: God list: Okawaru
     0 | D:1      | 0 ||| qw: Allow faded altars: false
     0 | D:1      | 0 ||| qw: Do Orc after clearing Dungeon:15 true
     0 | D:1      | 0 ||| qw: Do second Lair branch before Depths: true
     0 | D:1      | 0 ||| qw: Lair rune preference: random
     0 | D:1      | 0 ||| qw: Goals: Normal
     0 | D:1      | 0 ||| PLANNING D:1-11
    25 | D:1      | 25 ||| FLEEEEING.
    36 | D:1      | Reached skill level 3 in Ranged Weapons
    36 | D:1      | Reached XP level 2. HP: 10/23 MP: 2/2
   215 | D:1      | You fall into a shaft and drop 1 floor!
   217 | D:2      | 217 ||| UPGRADING to +0 ring mail.
   227 | D:2      | 227 ||| DROPPING +0 robe.
   228 | D:2      | 228 ||| DROPPING scroll of poison.
   355 | D:1      | Reached XP level 3. HP: 29/29 MP: 3/3
   505 | D:1      | 505 ||| READING scroll labelled ETHREO SYTOERPH.
   506 | D:1      | 506 ||| READING scroll labelled XAUMEO BYFU.
   507 | D:1      | 507 ||| READING scroll labelled HUGUANORATI.
   508 | D:1      | 508 ||| READING scroll labelled KAREOSTR CEAXE.
   625 | D:2      | Reached skill level 4 in Ranged Weapons
   761 | D:2      | Reached skill level 1 in Armour
  1138 | D:2      | Reached XP level 4. HP: 34/36 MP: 4/4
  1388 | D:2      | 1388 ||| UPGRADING to +0 pair of boots.
  1393 | D:2      | 1393 ||| READING scroll labelled RUXUUX VOBOI.
  1394 | D:2      | 1394 ||| READING scroll labelled MYEBEATRUSH.
  1395 | D:2      | 1395 ||| READING scroll labelled FEOF KEXZEHEYCK.
  1396 | D:2      | 1396 ||| READING scroll labelled RONOLUUSHRE.
  1399 | D:2      | 1399 ||| DRINKING 2 sapphire potions.
  1475 | D:3      | Found a shimmering altar of Xom.
  1575 | D:3      | Found a sparkling altar of Nemelex Xobeh.
  1576 | D:3      | Noticed Grinder
  1576 | D:3      | Paralysed by Grinder for 4 turns
  1728 | D:3      | Reached skill level 5 in Ranged Weapons
  1852 | D:3      | Found a faded altar of an unknown god.
  2183 | D:3      | HP: 9/37 [orc/+0 dagger (3)]
  2187 | D:3      | HP: 2/37 [orc wizard/puff of flame (6)]
  2195 | D:3      | HP: 2/37 [something (2)]
  2195 | D:3      | Killed from afar by an orc wizard

Levels and vault maps discovered:
D:1:      psy_arrival_whirlpool, layout_rooms
D:2:      wad_crossroads, layout_loops_ring, minmay_misc_feat_pillars
D:3:      layout_basic, lemuel_coloured_pillars_altar,
          nemelex_spade_bored_becter, shapermc_ecumenical_altar_gd, uniq_grinder

Skill      XL: |  1  2  3  4 |
---------------+-------------+-----
Ranged Weapons | 3 4 5 |  5.0
Fighting       | 2 |  2.5
Armour         | 1 |  1.0
Dodging        | |  2.1
Spellcasting   | |  1.0
Hexes          | |  2.0

Action                     |  1- 3 |  4- 6 || total
---------------------------+-------+-------++-------
   Fire: Sling             |   133 |    95 ||   228
    Use: Scroll            |     4 |     4 ||     8
         Potion            |       |     1 ||     1
 Armour: Robe              |     4 |       ||     4
         Ring mail         |    14 |    25 ||    39
  Dodge: Dodged            |    44 |    31 ||    75

Table legend:
 A = Non-vault XP
 B = Vault XP
 C = Vault XP percentage of total XP
 D = Non-vault monster count
 E = Vault monster count
 F = Vault count percentage of total count
                 A         B        C        D         E       F
            +---------+---------+-------+---------+---------+-------
      Total |     160 |      18 |  10.1 |      62 |       4 |   6.1
            +---------+---------+-------+---------+---------+-------
        D:1 |      46 |       0 |   0.0 |      29 |       0 |   0.0
        D:2 |      52 |      18 |  25.7 |      13 |       4 |  23.5
        D:3 |      62 |       0 |   0.0 |      20 |       0 |   0.0
            +---------+---------+-------+---------+---------+-------
